[ PARTIDA AOE2 · #506368663 ]
UnrankedBohemios vs Koreans
Equipo del jugador · DERR
Equipo rival · VICT
[ ANÁLISIS DE REPETICIÓN · EXTRAÍDO DE LA PARTIDA GRABADA ]
Feudal
11:26
Castillos
14:56
Imperial
33:13
| APM promedio | 45.1 |
| APM pico | 72 |
| eAPM promedio | 25.8 |
| Aldeanos / militares | 105 / 14 |
Foco
⚔️ 27.9% · 🌾 72.1%
Bombard Cannon ×5 · Mangonel ×4 · Monk ×2 · Battering Ram ×2 · Hussite Wagon ×1
Feudal
8:51
Castillos
20:11
Imperial
30:15
| APM promedio | 43.7 |
| APM pico | 85 |
| eAPM promedio | 19.7 |
| Aldeanos / militares | 72 / 19 |
Foco
⚔️ 23.3% · 🌾 76.7%
War Wagon ×12 · Trebuchet (Packed) ×4 · Iron Pagoda ×3
Mapa de la partida
Recursos iniciales + cada clic de construcción. Líneas = muros · curvas = relieve. ◆ oro · ⬟ piedra · ● bayas · ✦ reliquia · ◌ hueco del cierre
Tu base· ✓ Cerrada en 14:56 · 7t muro · 2 puerta(s)
Base de verszomj· ✓ Cerrada en 20:11 · 0t muro · 3 puerta(s)
Terreno inicial suavizado · ◌ = hueco del cierre detectado · pasá el cursor para detalles
Inputs por minuto
— ČÁVO JUAN - - verszomj
Build order — ČÁVO JUAN
Primeras 150 de 237 acciones detectadas
| 0:01 | Encolar | Villager (Male) |
| 0:01 | Encolar | Villager (Male) |
| 0:02 | Construir | House |
| 0:03 | Construir | House |
| 0:47 | Encolar | Villager (Male) |
| 0:47 | Encolar | Villager (Male) |
| 0:47 | Encolar | Villager (Male) |
| 1:32 | Encolar | Villager (Male) |
| 1:53 | Construir | Lumber Camp |
| 1:58 | Encolar | Villager (Male) |
| 1:58 | Encolar | Villager (Male) |
| 2:15 | Encolar | Villager (Male) |
| 2:16 | Encolar | Villager (Male) |
| 2:52 | Encolar | Villager (Male) |
| 2:53 | Encolar | Villager (Male) |
| 3:30 | Construir | House |
| 3:31 | Construir | House |
| 3:31 | Construir | House |
| 3:43 | Encolar | Villager (Male) |
| 4:10 | Encolar | Villager (Male) |
| 4:10 | Encolar | Villager (Male) |
| 4:46 | Construir | Mill |
| 4:56 | Construir | Mill |
| 5:00 | Construir | Mill |
| 5:02 | Encolar | Villager (Male) |
| 5:03 | Encolar | Villager (Male) |
| 5:03 | Encolar | Villager (Male) |
| 6:24 | Encolar | Villager (Male) |
| 6:24 | Encolar | Villager (Male) |
| 6:26 | Encolar | Villager (Male) |
| 6:26 | Encolar | Villager (Male) |
| 6:26 | Encolar | Villager (Male) |
| 6:27 | Encolar | Villager (Male) |
| 6:56 | Construir | Mining Camp |
| 8:18 | Investigar | Feudal Age |
| 8:19 | Investigar | Loom |
| 8:26 | Encolar | Villager (Male) |
| 8:27 | Investigar | Feudal Age |
| 8:47 | Construir | House |
| 9:33 | Construir | House |
| 9:34 | Construir | House |
| 9:41 | Construir | House |
| 9:48 | Construir | Palisade Wall |
| 9:49 | Construir | Palisade Wall |
| 10:05 | Encolar | Villager (Male) |
| 10:05 | Encolar | Villager (Male) |
| 10:21 | Construir | Palisade Wall |
| 11:26 | Edad | Edad Feudal |
| 11:28 | Construir | Market |
| 11:30 | Construir | Blacksmith |
| 12:13 | Investigar | Double-Bit Axe |
| 12:16 | Investigar | Castle Age |
| 12:16 | Investigar | Castle Age |
| 12:46 | Construir | Farm |
| 12:50 | Construir | Farm |
| 12:59 | Construir | Farm |
| 13:20 | Construir | Farm |
| 13:28 | Construir | Farm |
| 13:49 | Construir | Lumber Camp |
| 14:00 | Construir | Farm |
| 14:56 | Edad | Edad de los Castillos |
| 14:58 | Encolar | Villager (Male) |
| 15:01 | Construir | Siege Workshop |
| 15:19 | Encolar | Villager (Male) |
| 15:28 | Construir | Monastery |
| 15:40 | Investigar | Bow Saw |
| 16:00 | Encolar | Battering Ram |
| 16:02 | Encolar | Mangonel |
| 16:04 | Encolar | Villager (Male) |
| 16:05 | Encolar | Monk |
| 16:07 | Encolar | Villager (Male) |
| 16:20 | Construir | Farm |
| 16:21 | Construir | Farm |
| 16:45 | Encolar | Mangonel |
| 17:04 | Encolar | Villager (Male) |
| 17:15 | Encolar | Villager (Male) |
| 17:15 | Encolar | Villager (Male) |
| 18:07 | Construir | Town Center |
| 18:10 | Encolar | Villager (Male) |
| 18:29 | Encolar | Villager (Male) |
| 18:33 | Construir | House |
| 18:34 | Construir | House |
| 18:35 | Construir | House |
| 18:47 | Encolar | Mangonel |
| 19:19 | Encolar | Villager (Male) |
| 19:19 | Encolar | Villager (Male) |
| 19:19 | Encolar | Villager (Male) |
| 19:38 | Encolar | Villager (Male) |
| 19:38 | Encolar | Villager (Male) |
| 19:41 | Encolar | Villager (Male) |
| 20:09 | Encolar | Villager (Male) |
| 20:19 | Encolar | Battering Ram |
| 20:34 | Construir | Mining Camp |
| 20:51 | Encolar | Villager (Male) |
| 20:51 | Encolar | Villager (Male) |
| 21:15 | Encolar | Villager (Male) |
| 21:28 | Construir | Farm |
| 21:28 | Construir | Farm |
| 21:29 | Construir | Farm |
| 21:31 | Construir | Farm |
| 21:31 | Construir | Farm |
| 21:31 | Construir | Farm |
| 22:16 | Encolar | Villager (Male) |
| 22:16 | Encolar | Villager (Male) |
| 22:19 | Construir | Farm |
| 22:20 | Construir | Farm |
| 22:20 | Construir | Farm |
| 22:30 | Encolar | Mangonel |
| 22:57 | Construir | Castle |
| 23:05 | Encolar | Monk |
| 23:33 | Encolar | Villager (Male) |
| 23:33 | Encolar | Villager (Male) |
| 23:39 | Encolar | Villager (Male) |
| 23:55 | Construir | Farm |
| 23:57 | Construir | Farm |
| 23:58 | Construir | Farm |
| 24:00 | Encolar | Villager (Male) |
| 24:14 | Encolar | Villager (Male) |
| 24:14 | Encolar | Villager (Male) |
| 24:49 | Construir | Mining Camp |
| 24:49 | Encolar | Villager (Male) |
| 24:50 | Encolar | Villager (Male) |
| 24:50 | Encolar | Villager (Male) |
| 25:05 | Encolar | Villager (Male) |
| 25:12 | Investigar | Horse Collar |
| 25:16 | Encolar | Villager (Male) |
| 25:27 | Construir | Town Center |
| 25:44 | Encolar | Hussite Wagon |
| 25:47 | Encolar | Villager (Male) |
| 25:47 | Encolar | Villager (Male) |
| 26:00 | Encolar | Villager (Male) |
| 26:01 | Encolar | Villager (Male) |
| 26:01 | Encolar | Villager (Male) |
| 26:06 | Construir | Farm |
| 26:07 | Construir | Farm |
| 26:13 | Construir | Farm |
| 26:13 | Construir | Farm |
| 26:17 | Encolar | Villager (Male) |
| 26:17 | Encolar | Villager (Male) |
| 26:33 | Encolar | Villager (Male) |
| 26:59 | Construir | Farm |
| 27:16 | Construir | House |
| 27:19 | Construir | House |
| 27:21 | Encolar | Villager (Male) |
| 27:22 | Encolar | Villager (Male) |
| 27:22 | Encolar | Villager (Male) |
| 27:29 | Construir | Farm |
| 27:30 | Construir | Farm |
| 27:30 | Construir | Farm |
| 27:47 | Construir | Farm |
Build order — verszomj
Primeras 150 de 158 acciones detectadas
| 0:01 | Encolar | Villager (Male) ×4 |
| 0:01 | Encolar | Villager (Male) ×4 |
| 0:03 | Construir | House |
| 0:05 | Construir | House |
| 1:26 | Encolar | Villager (Male) |
| 1:26 | Encolar | Villager (Male) |
| 2:02 | Encolar | Villager (Male) |
| 2:05 | Encolar | Villager (Male) |
| 2:15 | Encolar | Villager (Male) |
| 2:15 | Encolar | Villager (Male) |
| 2:19 | Construir | Lumber Camp |
| 3:03 | Encolar | Villager (Male) |
| 3:03 | Encolar | Villager (Male) |
| 3:47 | Encolar | Villager (Male) |
| 3:47 | Encolar | Villager (Male) |
| 3:47 | Encolar | Villager (Male) |
| 3:54 | Construir | House |
| 4:24 | Construir | House |
| 4:27 | Encolar | Villager (Male) |
| 4:28 | Encolar | Villager (Male) |
| 4:28 | Encolar | Villager (Male) |
| 4:28 | Encolar | Villager (Male) |
| 4:44 | Encolar | Villager (Male) |
| 4:46 | Investigar | Loom |
| 5:03 | Construir | Mill |
| 6:32 | Investigar | Feudal Age |
| 7:02 | Construir | Mining Camp |
| 7:04 | Encolar | Villager (Male) |
| 7:08 | Construir | House |
| 7:10 | Construir | House |
| 8:17 | Encolar | Villager (Male) |
| 8:51 | Edad | Edad Feudal |
| 8:54 | Construir | Watch Tower |
| 8:55 | Encolar | Villager (Male) |
| 8:59 | Investigar | Double-Bit Axe |
| 9:35 | Encolar | Villager (Male) |
| 9:42 | Construir | Farm |
| 9:49 | Encolar | Villager (Male) |
| 9:49 | Encolar | Villager (Male) |
| 9:57 | Encolar | Villager (Male) |
| 10:19 | Encolar | Villager (Male) |
| 10:22 | Construir | Farm |
| 10:46 | Encolar | Villager (Male) |
| 11:04 | Construir | Watch Tower |
| 11:12 | Encolar | Villager (Male) |
| 11:19 | Construir | Farm |
| 11:38 | Construir | Mining Camp |
| 11:50 | Construir | Farm |
| 11:59 | Construir | Watch Tower |
| 12:03 | Encolar | Villager (Male) |
| 12:09 | Construir | Farm |
| 12:58 | Construir | Mining Camp |
| 13:09 | Construir | Farm |
| 13:14 | Encolar | Villager (Male) |
| 13:14 | Encolar | Villager (Male) |
| 13:14 | Encolar | Villager (Male) |
| 13:15 | Encolar | Villager (Male) |
| 13:17 | Investigar | Horse Collar |
| 13:45 | Construir | Farm |
| 13:58 | Construir | Watch Tower |
| 14:08 | Construir | Farm |
| 14:27 | Encolar | Villager (Male) |
| 14:30 | Construir | Farm |
| 14:54 | Construir | Farm |
| 15:09 | Construir | Blacksmith |
| 15:11 | Construir | Farm |
| 15:37 | Encolar | Villager (Male) |
| 15:42 | Construir | House |
| 15:47 | Investigar | Wheelbarrow |
| 15:59 | Construir | Watch Tower |
| 16:04 | Investigar | Fletching |
| 16:05 | Encolar | Villager (Male) |
| 16:20 | Construir | Market |
| 16:27 | Encolar | Villager (Male) |
| 16:52 | Construir | House |
| 17:32 | Investigar | Castle Age |
| 17:32 | Investigar | Castle Age |
| 17:36 | Encolar | Villager (Male) |
| 17:40 | Construir | Mining Camp |
| 18:03 | Investigar | Fletching |
| 18:15 | Construir | Farm |
| 18:17 | Construir | Farm |
| 18:18 | Encolar | Villager (Male) |
| 18:38 | Construir | Farm |
| 19:13 | Encolar | Villager (Male) |
| 20:11 | Edad | Edad de los Castillos |
| 20:15 | Investigar | Bodkin Arrow |
| 20:15 | Encolar | Villager (Male) |
| 20:31 | Encolar | Villager (Male) |
| 20:41 | Construir | Watch Tower |
| 21:13 | Encolar | Villager (Male) |
| 21:54 | Encolar | Villager (Male) |
| 21:59 | Construir | Farm |
| 22:04 | Encolar | Villager (Male) |
| 22:04 | Encolar | Villager (Male) |
| 22:15 | Encolar | Villager (Male) |
| 22:43 | Construir | Watch Tower |
| 23:12 | Encolar | Villager (Male) |
| 23:14 | Construir | Farm |
| 23:36 | Construir | Mining Camp |
| 23:38 | Encolar | Villager (Male) |
| 24:01 | Construir | Farm |
| 24:04 | Construir | Farm |
| 24:29 | Construir | Castle |
| 24:35 | Construir | Siege Workshop |
| 24:37 | Encolar | Villager (Male) |
| 24:41 | Construir | Farm |
| 24:42 | Construir | Farm |
| 24:42 | Construir | Farm |
| 24:48 | Encolar | Villager (Male) |
| 25:00 | Construir | Farm |
| 25:35 | Construir | House |
| 25:40 | Construir | Watch Tower |
| 25:57 | Construir | Watch Tower |
| 26:01 | Encolar | Villager (Male) |
| 26:06 | Construir | Farm |
| 26:24 | Encolar | Iron Pagoda |
| 26:26 | Encolar | Villager (Male) |
| 26:31 | Construir | Farm |
| 27:05 | Investigar | Imperial Age |
| 27:41 | Construir | Lumber Camp |
| 27:45 | Investigar | Bow Saw |
| 28:24 | Encolar | Iron Pagoda |
| 28:36 | Encolar | Villager (Male) |
| 28:47 | Encolar | Villager (Male) |
| 29:28 | Encolar | Villager (Male) |
| 29:44 | Encolar | War Wagon |
| 29:45 | Encolar | War Wagon |
| 30:15 | Edad | Edad Imperial |
| 30:16 | Construir | Castle |
| 30:19 | Encolar | Trebuchet (Packed) |
| 30:26 | Investigar | Bracer |
| 30:27 | Encolar | Villager (Male) |
| 30:50 | Investigar | Gold Mining |
| 31:01 | Encolar | Trebuchet (Packed) |
| 31:49 | Encolar | Trebuchet (Packed) |
| 31:57 | Encolar | Trebuchet (Packed) |
| 32:34 | Encolar | Villager (Male) |
| 32:48 | Construir | Watch Tower |
| 32:51 | Encolar | Villager (Male) |
| 32:51 | Encolar | Villager (Male) |
| 33:19 | Encolar | War Wagon ×3 |
| 33:20 | Encolar | War Wagon ×3 |
| 33:42 | Construir | Watch Tower |
| 33:53 | Investigar | Eupseong |
| 34:10 | Encolar | Iron Pagoda |
| 34:11 | Encolar | Villager (Male) |
| 34:24 | Construir | House |
| 34:25 | Construir | House |
| 34:25 | Construir | House |
Cronología de la partida
| 8:51 | verszomj · age_up feudal |
| 9:48 | ČÁVO JUAN · wall_segment Palisade Wall x3 |
| 9:49 | ČÁVO JUAN · wall_segment Palisade Wall x1 |
| 10:21 | ČÁVO JUAN · wall_segment Palisade Wall x3 |
| 11:26 | ČÁVO JUAN · age_up feudal |
| 14:56 | ČÁVO JUAN · age_up castle |
| 15:01 | ČÁVO JUAN · first_building Siege Workshop |
| 15:28 | ČÁVO JUAN · first_building Monastery |
| 17:13 | verszomj · first_market_sell 100 wood |
| 20:11 | verszomj · age_up castle |
| 22:48 | ČÁVO JUAN · first_market_buy 100 stone |
| 22:50 | ČÁVO JUAN · first_market_sell 500 wood |
| 22:57 | ČÁVO JUAN · first_building Castle |
| 24:29 | verszomj · first_building Castle |
| 24:35 | verszomj · first_building Siege Workshop |
| 29:16 | verszomj · first_market_buy 100 stone |
| 30:15 | verszomj · age_up imperial |
| 31:46 | ČÁVO JUAN · first_building Barracks |
| 32:56 | ČÁVO JUAN · first_building Archery Range |
| 33:13 | ČÁVO JUAN · age_up imperial |
| 36:26 | ČÁVO JUAN · resign |
[ ANÁLISIS IA · 1 CRÉDITO ]
¿Qué pasó realmente en esta partida?
Wolo.gg analiza cada decisión: build order, eco, micro, errores típicos por bracket. Análisis personalizado por WhatsApp o Discord en 30 segundos.
Guía civ
Bohemios
Perfil
Jugador #10337153